 Dungeon Crawl Stone Soup version 0.31-a0-240-gb923e448b6 (webtiles) character file.

Game seed: 18247071183508961343

105 qw the Shooter (level 4, -7/37 HPs)
             Began as a Minotaur Hexslinger on July 11, 2023.
             Mangled by an ice beast (12 damage)
             ... on level 3 of the Dungeon.
             The game lasted 00:00:45 (2135 turns).

qw the Shooter (Minotaur Hexslinger)                Turns: 2135, Time: 00:00:46

Health: -7/37      AC:  7    Str: 12    XL:     4   Next: 54%
Magic:  4/4        EV: 11    Int: 10    God:
Gold:   163        SH:  0    Dex: 15    Spells: 4/5 levels left

rFire   . . .        Y - +1 sling
rCold   . . .        (no shield)
rNeg    . . .        f - +0 ring mail
rPois   .            (helmet restricted)
rElec   .            d - +0 cloak
rCorr   +            (no gloves)
SInv    .            c - +0 pair of boots
Will    .....        (no amulet)
Stlth   +            g - ring of resist corrosion
HPRegen 0.26/turn    (no ring)
MPRegen 0.09/turn

%: no passive effects
@: about to teleport
A: horns 2, retaliatory headbutt
a: no special abilities


You were on level 3 of the Dungeon.
You visited 1 branch of the dungeon, and saw 4 of its levels.

You collected 163 gold pieces.


Innate Abilities, Weirdness & Mutations

You have a pair of horns on your head.
You reflexively headbutt those who attack you in melee.


   Skills:
 - Level 2.5 Fighting
 + Level 4.6 Ranged Weapons
 - Level 1.3 Armour
 - Level 2.1 Dodging
 - Level 1.0 Spellcasting
 - Level 2.0 Hexes


You had 4 spell levels left.
You knew the following spells:

 Your Spells              Type           Power      Damage    Failure   Level
a - Slow                  Hex            16%        N/A       32%         1

Your spell library contained the following spells:

 Spells                   Type           Power      Damage    Failure   Level
 Inner Flame              Hex/Fire       2%         N/A       83%         3
 Portal Projectile        Hex/Tloc       4%         N/A       83%         3
 Cause Fear               Hex            2%         N/A       97%         4

Inventory:

Hand Weapons
 Y - a +1 sling (weapon)
Armour
 c - a +0 pair of boots (worn)
 d - a +0 cloak (worn)
 f - a +0 ring mail (worn)
Jewellery
 g - a ring of resist corrosion (left hand)
Scrolls
 e - a scroll of identify
Potions
 a - a potion of degeneration {unknown}
 h - a potion of haste
 j - a potion of might

Dungeon Overview and Level Annotations

Branches:
Dungeon (4/15)
 Temple: D:4-7

Altars:
Cheibriados
Elyvilon
Nemelex Xobeh
Trog
Vehumet
Wu Jian

Shops:
D:2 [


Message History

Enter note:
Enter note:
Enter note:
Enter note: You start resting.
HP restored.
Done exploring.
(D) Dungeon
Where to? (* - list waypoints, Enter - D:4, ? - help)
What level of the Dungeon? (default 1, ? - help)
You climb downwards.
There is a stone staircase leading up here.
An ice beast is nearby!
You shoot a sling bullet.
The sling bullet closely misses the ice beast.
The ice beast barely misses you.
You shoot a sling bullet. The sling bullet hits the ice beast.
The ice beast is moderately wounded.
The ice beast completely misses you. The ice beast barely misses you.
You shoot a sling bullet. The sling bullet hits the ice beast!
The ice beast is heavily wounded.
The ice beast hits you but does no damage.
You shoot a sling bullet.
The sling bullet hits the ice beast but does no damage.
The ice beast is heavily wounded.
The ice beast hits you. The ice beast freezes you!
2132 ||| STAIRDANCE The ice beast closely misses you.
You furiously retaliate!
You headbutt the ice beast.
You climb upwards.
There is a stone staircase leading down here.
You shoot a sling bullet.
The sling bullet completely misses the ice beast.
The ice beast barely misses you. The ice beast hits you.
The ice beast freezes you!
2135 ||| READING scroll of teleportation.
As you read the scroll of teleportation, it crumbles to dust.
You feel strangely unstable. The ice beast hits you. The ice beast freezes you!
You die...

..#.# ##.......## ##.#.##....##.
.##.# ##.....## ###.###..###.
###.# ##...## #.#8....##. ....#
##+## ####.###..###. ##.## #.#
#....#_....}#. ##.# #.#
#.##.###..###. ##.########.##
####.##.#.....}#.
........##...####.##.##%###..###.
##.####.........@#.#....#....._#.
#.# ####...####Y#####.##..._###
##.# ##.## #.#####.####### ...#
### #.......# #### #########


You could see an ice beast.

Vanquished Creatures
  An orc wizard (D:4)
  3 adders
  3 orcs
  4 ball pythons
  5 endoplasms
  3 giant cockroaches
  4 goblins
  7 hobgoblins
  4 quokkas
  4 bats
  2 frilled lizards (D:2)
  2 kobolds
  6 rats
48 creatures vanquished.

Notes
Turn   | Place    | Note
-------+----------+-------------------------------------------
     0 | D:1      | qw the Minotaur Hexslinger began the quest for the Orb.
     0 | D:1      | Reached XP level 1. HP: 16/16 MP: 1/1
     0 | D:1      | 0 ||| qw: Version: 0.3-a-52-g30416fa
     0 | D:1      | 0 ||| qw: Game counter: 6031
     0 | D:1      | 0 ||| qw: Melee chars always use a shield: true
     0 | D:1      | 0 ||| qw: God list: Okawaru
     0 | D:1      | 0 ||| qw: Allow faded altars: false
     0 | D:1      | 0 ||| qw: Do Orc after clearing Dungeon:15 true
     0 | D:1      | 0 ||| qw: Do second Lair branch before Depths: true
     0 | D:1      | 0 ||| qw: Lair rune preference: random
     0 | D:1      | 0 ||| qw: Goals: Normal
     0 | D:1      | 0 ||| PLANNING D:1-11
   159 | D:1      | 159 ||| UPGRADING to +0 cloak.
   164 | D:1      | 164 ||| UPGRADING to +0 ring mail.
   175 | D:1      | 175 ||| DROPPING +0 robe.
   240 | D:1      | Reached skill level 3 in Ranged Weapons
   268 | D:1      | Reached XP level 2. HP: 23/23 MP: 2/2
   625 | D:1      | 625 ||| UPGRADING to +0 pair of boots.
   639 | D:1      | 639 ||| DROPPING ring of flight.
   640 | D:1      | 640 ||| UPGRADING to ring of resist corrosion.
   641 | D:1      | 641 ||| DROPPING scroll of poison.
   761 | D:2      | Reached skill level 1 in Armour
   761 | D:2      | Reached XP level 3. HP: 23/30 MP: 3/3
  1111 | D:2      | Found Byefel's Antique Armour Boutique.
  1115 | D:2      | 1115 ||| SHOPLISTING dazzling ring mail (288 gold, have
                  | 104).
  1130 | D:2      | Found an ornate altar of the Wu Jian Council.
  1213 | D:2      | 1213 ||| READING scroll labelled ACYACR BOGROIB.
  1216 | D:2      | 1216 ||| READING 4 scrolls labelled NONIYMUALL.
  1217 | D:2      | 1217 ||| READING 3 scrolls of identify.
  1217 | D:2      | 1217 ||| IDENTIFYING red potion
  1474 | D:3      | Found a sparkling altar of Nemelex Xobeh.
  1475 | D:3      | Found a snail-covered altar of Cheibriados.
  1480 | D:3      | Found a bloodstained altar of Trog.
  1532 | D:3      | Found a white marble altar of Elyvilon.
  1664 | D:3      | Reached skill level 4 in Ranged Weapons
  1664 | D:3      | Reached XP level 4. HP: 37/37 MP: 4/4
  2021 | D:3      | 2021 ||| READING scroll labelled JOERPH WAPIY.
  2022 | D:3      | 2022 ||| READING scroll labelled NOBORR FETTA.
  2023 | D:3      | 2023 ||| READING 2 scrolls of identify.
  2023 | D:3      | 2023 ||| IDENTIFYING purple potion
  2054 | D:4      | Found a radiant altar of Vehumet.
  2084 | D:4      | Noticed an ice beast
  2085 | D:4      | 2085 ||| FLEEEEING.
  2091 | D:4      | 2091 ||| FLEEEEING.
  2092 | D:4      | 2092 ||| FLEEEEING.
  2093 | D:4      | 2093 ||| STAIRDANCE
  2132 | D:4      | 2132 ||| STAIRDANCE
  2134 | D:3      | HP: 9/37 [ice beast (13)]
  2135 | D:3      | 2135 ||| READING scroll of teleportation.
  2135 | D:3      | Mangled by an ice beast

Levels and vault maps discovered:
D:1:      heliophobic_arrival_henge, layout_loops_ring, reono_crystal_passage
D:2:      minmay_door_path, layout_rooms, basic_altar, serial_shops, shop,
          nicolae_underground_beach
D:3:      layout_loops_corners, elyvilon_altar_3, minitemple
D:4:      layout_cave_pools, pdpol_wu_jian_five_deadly_venoms,
          mainiacjoe_overflow_boulevard, minmay_temple_entry_tees,
          nicolae_shop_firing_range

Skill      XL: |  1  2  3 |
---------------+----------+-----
Ranged Weapons | 3 4 |  4.6
Fighting       | 2 |  2.5
Armour         | 1 |  1.3
Dodging        | |  2.1
Spellcasting   | |  1.0
Hexes          | |  2.0

Action                     |  1- 3 |  4- 6 || total
---------------------------+-------+-------++-------
   Fire: Sling             |   114 |    39 ||   153
    Use: Scroll            |     3 |     4 ||     7
 Armour: Ring mail         |    26 |    19 ||    45
  Dodge: Dodged            |    38 |    16 ||    54

Table legend:
 A = Non-vault XP
 B = Vault XP
 C = Vault XP percentage of total XP
 D = Non-vault monster count
 E = Vault monster count
 F = Vault count percentage of total count
                 A         B        C        D         E       F
            +---------+---------+-------+---------+---------+-------
      Total |     145 |       6 |   4.0 |      44 |       4 |   8.3
            +---------+---------+-------+---------+---------+-------
        D:1 |      20 |       0 |   0.0 |      12 |       0 |   0.0
        D:2 |      47 |       6 |  11.3 |      15 |       4 |  21.1
        D:3 |      33 |       0 |   0.0 |      12 |       0 |   0.0
        D:4 |      45 |       0 |   0.0 |       5 |       0 |   0.0
            +---------+---------+-------+---------+---------+-------
